 Dungeon Crawl Stone Soup version 0.29-a0-194-g6e3aafee17 (webtiles) character file.

Game seed: 12381494432440242914

55 Zeldest the Stinger (level 3, -1/18 HPs)
             Began as a Vine Stalker Venom Mage on Feb 22, 2022.
             Slain by Sigmund
             ... wielding a +0 vorpal scythe
              (5 damage)
             ... on level 2 of the Dungeon.
             The game lasted 00:09:02 (1272 turns).

Zeldest the Stinger (Vine Stalker Venom Mage)       Turns: 1272, Time: 00:09:03

Health: -1/18      AC:  5    Str: 10    XL:     3   Next: 93%
Magic:  0/7        EV: 12    Int: 17    God:
Gold:   33         SH:  0    Dex: 14    Spells: 0/6 levels left

rFire   . . .      SeeInvis .     - Unarmed
rCold   . . .      Faith    .   (no shield)
rNeg    . . .      Spirit   +   a - +0 robe
rPois   .          Reflect  .   g - +2 helmet
rElec   .          Harm     .   (no cloak)
rCorr   .          Rampage  .   (no gloves)
Will    .....                   (no boots)
Stlth   +.........              (no amulet)
HPRegen 0.06/turn               (no ring)
MPRegen 0.10/turn               (no ring)

@: confused, mighty
A: fangs 2, magic shield, antimagic bite, no potion heal 2
a: no special abilities


You were on level 2 of the Dungeon.
You visited 1 branch of the dungeon, and saw 2 of its levels.

You collected 33 gold pieces.

Inventory:

Armour
 a - a +0 robe (worn)
 g - a +2 helmet (worn)
Scrolls
 b - a scroll of enchant weapon {unknown}
 e - a scroll of immolation {unknown}
 f - a scroll of identify {unknown}
Potions
 d - a potion of heal wounds {unknown}


   Skills:
 + Level 1.2 Fighting
 - Level 1.5 Dodging
 - Level 2.4 Stealth
 + Level 1.5 Unarmed Combat
 - Level 2.1 Spellcasting
 + Level 1.9 Transmutations
 + Level 3.4 Poison Magic


You couldn't memorise any spells.
You knew the following spells:

 Your Spells              Type           Power      Damage    Failure   Level
a - Poisonous Vapours     Pois/Air       14%        N/A       14%         2
b - Sting                 Tmut/Pois      44%        1d5       6%          1
c - Mephitic Cloud        Conj/Pois/Air  5%         N/A       34%         3

Your spell library contained the following spells:

 Spells                   Type           Power      Damage    Failure   Level
 Olgreb's Toxic Radiance  Pois           13%        N/A       41%         4


Dungeon Overview and Level Annotations

Branches:
Dungeon (2/15)

Altars:

Shops:
D:1 [[[!   D:2 *

Annotations:
D:2 Sigmund


Innate Abilities, Weirdness & Mutations

You have extremely sharp teeth.
When hurt, damage is shared between your health and your magic reserves.
Your bite disrupts and absorbs the magic of your enemies.
Potions cannot restore your health.


Message History

Sigmund points at you and mumbles some strange words.
The magic dart hits you!
Ouch! That really hurt!
Casting: Poisonous Vapours (safe; 14% risk of failure)
Confirm with . or Enter, or press ? or * to list all spells.
Aiming: Poisonous Vapours (safe; 14% risk of failure)
Press: ? - help, Dir - move target, f - Sigmund
Aim: Sigmund, wielding a +0 vorpal scythe, wearing a +1 robe and carrying a wand of digging (1) (severely wounded) Poisonous vapours surround Sigmund!
Sigmund is poisoned.
Sigmund points at you and mumbles some strange words.
The puff of flame misses you. Sigmund barely misses you.
Casting: Poisonous Vapours (safe; 14% risk of failure)
Confirm with . or Enter, or press ? or * to list all spells.
Aiming: Poisonous Vapours (safe; 14% risk of failure)
Press: ? - help, Dir - move target, f/p - Sigmund
Aim: Sigmund, wielding a +0 vorpal scythe, wearing a +1 robe and carrying a wand of digging (1) (severely wounded, poisoned)
You miscast Poisonous Vapours.
You are very lightly contaminated with residual magic.
Nothing appears to happen.
Sigmund misses you.
Sigmund giggles. "Time to reap what you sow."
Sigmund looks more healthy.
Sigmund gestures at you while chanting. You resist with some effort.
Your magical contamination has completely faded away.
Casting: Poisonous Vapours (safe; 14% risk of failure)
Confirm with . or Enter, or press ? or * to list all spells.
You can't see any susceptible monsters within range! (Use Z to cast anyway.)
You see here a ring of positive energy.
A hobgoblin comes into view.
Sigmund hits you from afar with a +0 vorpal scythe.
* * * LOW HITPOINT WARNING * * *
x2 Sigmund gestures wildly while chanting.
Sigmund flickers and vanishes!
You are confused.
You bump into the rock wall.
It was a potion of might.
You feel very mighty all of a sudden. Something hits you.
You die...

## ############
#.##########..........####
#.........{..............##
#..#.##.####@.........##..#
#......=...#.######.####..#
###.....####.#...........#..#
#.#....## .#.########..#..#
#.....# .#.# #######.#..###
#.#....# g#.. ..>...........
# #....# .### ##.####.#..###
##...# .. .....#.##.... #...#
## #.........'...


There were no monsters in sight!

Vanquished Creatures
  Robin (D:2)
  2 dart slugs
  3 endoplasms (D:1)
  7 goblins
  4 hobgoblins
  3 jackals (D:1)
  A quokka (D:1)
  3 ball pythons
  5 bats
  4 frilled lizards
  2 kobolds (D:1)
  5 rats
40 creatures vanquished.

Vanquished Creatures (others)
  30 plants (D:1)
30 creatures vanquished.

Grand Total: 70 creatures vanquished

Notes
Turn   | Place    | Note
-------+----------+-------------------------------------------
     0 | D:1      | Zeldest the Vine Stalker Venom Mage began the quest for the
                  | Orb.
     0 | D:1      | Reached XP level 1. HP: 9/9 MP: 4/4
    44 | D:1      | Found Kooweso's Antique Armour Shop.
   136 | D:1      | Reached XP level 2. HP: 14/14 MP: 4/6
   202 | D:1      | Reached skill level 1 in Unarmed Combat
   278 | D:1      | Found Jewkirgh's Armour Boutique.
   309 | D:1      | Found Netiocoi's Antique Armour Shoppe.
   345 | D:1      | Reached XP level 3. HP: 1/17 MP: 1/7
   348 | D:1      | Found Waecesm's Distillery.
   441 | D:1      | Reached skill level 1 in Fighting
   701 | D:2      | Found Wuerudoh's General Store.
   750 | D:2      | Noticed Robin
   793 | D:2      | Killed Robin
  1013 | D:2      | Noticed Sigmund
  1018 | D:2      | Learned a level 2 spell: Poisonous Vapours
  1027 | D:2      | Learned a level 3 spell: Mephitic Cloud
  1272 | D:2      | Slain by Sigmund

Illustrated notes

Levels and vault maps discovered:
D:1:      roderic_chinese_lattice_arrival, layout_loops_ring, serial_shops,
          shop, shop, shop, nicolae_shop_trees, nicolae_shop_waterfront,
          hangedman_decor_push, serial_bayou_lagoon_a
D:2:      layout_basic, ebering_ecumenical_altar_sacrificial, serial_shops,
          nicolae_shop_behind_doors, uniq_robin, uniq_sigmund

Skill      XL: |  1  2  3 |
---------------+----------+-----
Unarmed Combat | 1 |  1.5
Fighting       | 1 |  1.2
Dodging        | |  1.5
Stealth        | |  2.4
Spellcasting   | |  2.1
Transmutations | |  1.9
Poison Magic   | |  3.4

Action                   || total
-------------------------++-------
Melee: Unarmed           ||    60
       Bite              ||    18
       Punch             ||     1
 Cast: Sting             ||    45
       Poisonous Vapours ||     5
  Use: Potion            ||     1
 Stab: Sleeping          ||     1
Armor: Robe              ||    17
Dodge: Dodged            ||    47

Table legend: (Time is in decaauts)
 A = Elapsed time spent in this place.
 B = Non-inter-level travel time spent in this place.
 C = Inter-level travel time spent in this place.
 D = Time resting spent in this place.
 E = Time spent auto-exploring this place.
 F = Levels seen in this place.
 G = Mean time per level.
                   A        B        C        D        E       F      G
               +--------+--------+--------+--------+--------+-----+--------+
         Total |   1299 |   1280 |     19 |      0 |      0 |   2 |  649.5 |
       Dungeon |   1299 |   1280 |     19 |      0 |      0 |   2 |  649.5 |
               +--------+--------+--------+--------+--------+-----+--------+

Top non-repeatable levels by time:
     D:2: 734 daAuts
     D:1: 564 daAuts
